 Dungeon Crawl Stone Soup version 0.27-a0-1202-ge72e49191c (webtiles) character file.

Game seed: 7648989029153588572

23186 EldarEldrad the Devastator (level 12, -5/59 HPs)
             Began as a Deep Elf Fire Elementalist on June 1, 2021.
             Was a Believer of Vehumet.
             Slain by a death yak (14 damage)
             ... on level 3 of the Lair of Beasts on June 2, 2021.
             The game lasted 01:46:34 (19194 turns).

EldarEldrad the Devastator (DEFE)                  Turns: 19194, Time: 01:46:35

Health: -5/59      AC: 12    Str:  5    XL:     12   Next: 69%
Magic:  23/31      EV: 16    Int: 26    God:    Vehumet [**....]
Gold:   119        SH:  5    Dex: 15    Spells: 18/38 levels left

rFire    + . .     SeeInvis +   R - staff of conjuration
rCold    x . .     Faith    .   (no shield)
rNeg     . . .     Spirit   .   a - +0 robe
rPois    .         Reflect  +   e - +2 helmet {SInv}
rElec    .         Harm     .   n - +1 cloak
rCorr    .         Rampage  .   F - +0 pair of gloves
Will     +....                  (no boots)
Stlth    ++........             u - amulet of reflection
HPRegen  0.19/turn              b - +4 ring of protection
MPRegen  0.22/turn              G - ring of fire

@: studying Dodging
A: no striking features
a: Renounce Religion


You were on level 3 of the Lair of Beasts.
You worshipped Vehumet.
Vehumet was pleased with you.
You visited 3 branches of the dungeon, and saw 15 of its levels.
You also visited: Ossuary.

You collected 1058 gold pieces.
You spent 939 gold pieces at shops.

Inventory:

Hand Weapons
 E - a +2 whip of freezing
Missiles
 i - 4 atropa-tipped darts
 K - 3 throwing nets
Armour
 a - a +0 robe (worn)
 e - a +2 helmet of see invisible (worn)
 n - a +1 cloak (worn)
 F - a +0 pair of gloves (worn)
Magical Staves
 R - a staff of conjuration (weapon)
Jewellery
 b - a +4 ring of protection (left hand)
 u - an amulet of reflection (around neck)
 z - a ring of protection from cold
 G - a ring of fire (right hand)
 P - a +4 ring of evasion
 T - an amulet of magic regeneration
 U - a ring of protection from fire
Wands
 f - a wand of acid (7)
 J - a wand of polymorph (8)
 O - a wand of paralysis (6)
 Q - a wand of iceblast (19)
Scrolls
 c - 2 scrolls of summoning {start}
 d - 5 scrolls of teleportation
 h - 4 scrolls of enchant weapon
 l - a scroll of vulnerability
 m - 2 scrolls of blinking
 r - 2 scrolls of enchant armour
 v - 3 scrolls of immolation
 w - 3 scrolls of fear
 x - 2 scrolls of amnesia
 y - a scroll of magic mapping
 B - 2 scrolls of fog
 D - a scroll of brand weapon
 H - 8 scrolls of identify
 N - 2 scrolls of holy word
Potions
 g - 10 potions of curing
 j - 3 potions of cancellation
 k - a potion of magic
 o - a potion of invisibility
 p - 5 potions of haste
 q - 4 potions of ambrosia
 s - a potion of resistance
 t - 2 potions of might
 A - 2 potions of flight
 C - 3 potions of heal wounds
 I - a potion of lignification
 L - a potion of berserk rage
 M - a potion of brilliance
 S - 4 potions of mutation


   Skills:
 * Level 9.1 Dodging
 - Level 2.4 Stealth
 + Level 13.8 Spellcasting
 - Level 15.0 Conjurations
 + Level 12.1 Fire Magic


You had 18 spell levels left.
You knew the following spells:

 Your Spells              Type           Power      Damage    Failure   Level
a - Foxfire               Conj/Fire      100%       2x1d9     0%          1
b - Conjure Flame         Conj/Fire      100%       6-21      1%          3
c - Fireball              Conj/Fire      57%        3d22      1%          5
d - Sticky Flame          Conj/Fire      100%       2d11      1%          4
e - Slow                  Hex            17%        N/A       4%          2
f - Gell's Gravitas       Tloc           8%         N/A       10%         3
g - Searing Ray           Conj           100%       3d7       0%          2

Your spell library contained the following spells:

 Spells                   Type           Power      Damage    Failure   Level
 Magic Dart               Conj           100%       1d8       0%          1
 Dazzling Flash           Conj/Hex       100%       N/A       1%          3
 Inner Flame              Hex/Fire       65%        N/A       1%          3
 Fulminant Prism          Conj/Hex       35%        3d18      1%          4
 Iskenderun's Mystic Bla  Conj/Tloc      71%        2d14      1%          4
 Corona                   Hex            18%        N/A       3%          1
 Ensorcelled Hibernation  Hex/Ice        34%        N/A       4%          2
 Confusing Touch          Hex            17%        N/A       10%         3
 Portal Projectile        Hex/Tloc       34%        N/A       10%         3
 Animate Armour           Summ/Erth      34%        N/A       30%         4
 Cause Fear               Hex            8%         N/A       30%         4
 Leda's Liquefaction      Hex/Erth       8%         N/A       30%         4
 Petrify                  Tmut/Erth      17%        N/A       30%         4
 Borgnjor's Vile Clutch   Necr/Erth      8%         N/A       65%         5
 Metabolic Englaciation   Hex/Ice        8%         N/A       65%         5
 Silence                  Hex/Air        8%         N/A       65%         5
 Yara's Violent Unravell  Hex/Tmut       8%         3d5       65%         5
 Shadow Creatures         Summ           N/A        N/A       99%         6


Dungeon Overview and Level Annotations

Branches:
Dungeon (10/15)            Temple (1/1) D:4            Lair (4/6) D:9
 Spider (0/4) Lair:2      Ossuary (visited)
  Swamp: Lair:2-4    Shoals: Lair:2-4       Orc: D:9-12

Altars:
Ashenzari
Cheibriados
Dithmenos
Elyvilon
Fedhas
Gozag
Hepliaklqana
Kikubaaqudgha
Makhleb
Nemelex Xobeh
Okawaru
Qazlal
Ru
Sif Muna
Trog
Uskayaw
Vehumet
Wu Jian
Xom
Yredelemnul
Zin
The Shining One

Shops:
D:4 ?*?*   D:5 :   D:9 :

Annotations:
D:4 2 transporters, boysha's ghost, amateur OgWz
D:5 book shop
D:10 yaks


Message History

A rime drake comes into view.
The teleport trap disappears.
The rime drake disappears!
The wolf closely misses you. The wolf bites you!
The rime drake moves out of view.
The wolf bites you! The wolf bites you but does no damage.
Found 22 arrows.
The wolf bites you but does no damage. The wolf bites you.
Casting: Fireball (dangerous; 1% risk of failure)
Confirm with . or Enter, or press ? or * to list all spells.
Aiming: Fireball (dangerous; 1% risk of failure)
Press: ? - help, Shift-Dir - straight line You feel a strong surge of power!
The fireball explodes!
The fireball engulfs the wolf!!!
You kill the wolf!
Vehumet accepts your kill.
You feel your power returning.
You hear a bellow!
The wolf bites you but does no damage. The wolf closely misses you.
The wolf misses you. You block the wolf's attack. The wolf closely misses you.
The wolf bites you. The wolf bites you but does no damage. The wolf misses you.
The wolf closely misses you. You block the wolf's attack.
The wolf bites you. x2
* * * LOW HITPOINT WARNING * * *
There is a stone staircase leading up, spattered with blood here.
The wolf closely misses you. The death yak gores you!
* * * LOW HITPOINT WARNING * * *
The wolf bites you but does no damage.
You climb upwards.
There is a stone staircase leading down here.
Blink to where?
Press: ? - help, Dir - move target
As you read the scroll of blinking, it crumbles to dust.
The death yak gores you!
You die...

##.....#....##......##......+..##
.###.###....##......#......##...#
## #.P##....##..............#.#..
.###.####...##.....###.....P#.P.#
............##..P.##...........†.
..............................†..
.................................
.................................
.........(..P#.#@.##.............
.............##.hY..##...........
.###.#.##...##.....§#.........##.
###...###...##......#......P####.
###..####...##......P......####..
##......'...##.............# #...
##.....##...##......##....># #...
##.P#########'......##.....# ##..
##.#####≈....#..#.####...P.####.#


You could see a death yak and a wolf.

Vanquished Creatures
  Snorg (Lair:4)
  5 hydras
  Harold (D:7)
  A death yak (Lair:4)
  Nergalle (Lair:3)
  An ugly thing (D:9)
  A cyclops (D:7)
  Maurice (D:8)
  2 black mambas
  3 cane toads
  Psyche (D:10)
  Maggie (D:6)
  2 rime drakes
  2 komodo dragons
  A troll (D:9)
  2 jumping spiders (Lair:2)
  9 blink frogs
  6 redbacks (Lair:2)
  20 yaks
  2 wraiths (D:10)
  2 wyverns
  A basilisk (Lair:1)
  An acid dragon (D:8)
  8 water moccasins
  Duvessa (D:7)
  2 black bears
  2 orc warriors (D:10)
  A hornet zombie (D:8)
  6 necrophages
  3 sky beasts
  3 ogres
  9 wolves
  5 centaurs
  12 bullfrogs
  A gnoll sergeant (D:10)
  3 scorpions
  Dowan (D:7)
  A howler monkey (D:9)
  4 centaur zombies
  2 bullfrog zombies
  4 hounds
  4 jellies
  3 bullfrog skeletons
  3 orc priests
  2 centaur skeletons
  4 iguanas
  9 orc wizards
  A killer bee zombie (D:7)
  8 mummies (Ossuary)
  7 gnolls
  4 adders
  2 white imps
  2 ufetubi
  A worm (D:4)
  5 dart slugs
  36 orcs
  6 ball pythons
  5 endoplasms (D:1)
  4 giant cockroaches
  11 goblins
  5 hobgoblins
  11 jackals
  2 kobolds (D:1)
  A quokka (D:1)
  8 bats
  3 frilled lizards
  A gnoll zombie (Ossuary)
  A hobgoblin zombie (Ossuary)
  2 kobold zombies (Ossuary)
  4 orc zombies (Ossuary)
  A quokka skeleton (D:4)
  6 rats
297 creatures vanquished.

Vanquished Creatures (collateral kills)
  6 foxfires (Lair:2)
6 creatures vanquished.

Vanquished Creatures (others)
  892 foxfires
  18 fungi
  20 plants
930 creatures vanquished.

Grand Total: 1233 creatures vanquished

Notes
Turn   | Place    | Note
-------+----------+-------------------------------------------
     0 | D:1      | EldarEldrad the Deep Elf Fire Elementalist began the quest
                  | for the Orb.
     0 | D:1      | Reached XP level 1. HP: 10/10 MP: 6/6
   206 | D:1      | Reached XP level 2. HP: 15/15 MP: 2/8
   362 | D:1      | Reached skill level 2 in Conjurations
   648 | D:1      | Reached XP level 3. HP: 18/19 MP: 3/9
   770 | D:1      | Learned a level 3 spell: Conjure Flame
  1421 | D:2      | Reached XP level 4. HP: 24/24 MP: 8/11
  2007 | D:3      | Reached skill level 3 in Conjurations
  2150 | D:3      | Reached XP level 5. HP: 28/28 MP: 9/13
  2745 | D:3      | Learned a level 5 spell: Fireball
  2881 | D:3      | Reached skill level 4 in Conjurations
  3300 | D:4      | Found a staircase to the Ecumenical Temple.
  3340 | Temple   | Entered the Ecumenical Temple
  3579 | D:4      | Reached XP level 6. HP: 32/32 MP: 10/15
  3613 | D:4      | Found a sand-covered staircase.
  3618 | Ossuary  | Entered an ossuary
  3698 | Ossuary  | Reached skill level 5 in Spellcasting
  3870 | Ossuary  | Reached skill level 5 in Conjurations
  4196 | D:4      | Reached skill level 5 in Fire Magic
  4256 | D:4      | Found a hazy altar of Hepliaklqana.
  4261 | D:4      | Found a blossoming altar of Fedhas.
  4279 | D:4      | Found a shadowy altar of Dithmenos.
  4403 | D:4      | Found Plog's Assorted Antiques.
  4411 | D:4      | Bought a shiny helmet for 202 gold pieces
  4411 | D:4      | Bought a lumpy ruby amulet for 135 gold pieces
  4411 | D:4      | Bought a scroll labelled TEGUER IBURPH for 27 gold pieces
  4411 | D:4      | Bought a scroll of identify for 54 gold pieces
  4625 | D:4      | Found Roiqa's Magic Scroll Emporium.
  4637 | D:4      | Bought a scroll of amnesia for 38 gold pieces
  4637 | D:4      | Bought a scroll of magic mapping for 38 gold pieces
  4637 | D:4      | Found Becwisele's Magic Scroll Shoppe.
  4661 | D:4      | Bought a scroll of noise for 12 gold pieces
  4884 | D:4      | Found Fosis's General Store.
  4947 | D:4      | Found a transporter.
  4947 | D:4      | Noticed boysha's ghost (amateur OgWz)
  4951 | D:4      | Found a transporter.
  5068 | D:5      | Entered Level 5 of the Dungeon
  5112 | D:5      | Reached XP level 7. HP: 36/36 MP: 10/17
  5330 | D:5      | Reached skill level 6 in Conjurations
  5596 | D:5      | Found a bloodstained altar of Trog.
  5651 | D:5      | Found Zitodozir's Book Shoppe.
  5705 | D:5      | Reached skill level 7 in Conjurations
  5705 | D:5      | Reached XP level 8. HP: 41/41 MP: 12/20
  5752 | D:5      | Learned a level 4 spell: Sticky Flame
  6043 | D:4      | Bought a scroll of identify for 22 gold pieces
  6043 | D:4      | Bought a scroll of teleportation for 33 gold pieces
  6043 | D:4      | Bought a scroll of identify for 22 gold pieces
  6043 | D:4      | Bought a scroll of teleportation for 33 gold pieces
  6083 | D:5      | Upgraded the game from 0.27-a0-1200-g94dc6ad4cf to
                  | 0.27-a0-1202-ge72e49191c
  6141 | D:6      | Learned a level 2 spell: Slow
  6199 | D:6      | Noticed Maggie
  6215 | D:6      | HP: 1/41 [Maggie/bolt of fire (20)]
  6216 | D:6      | Killed Maggie
  6217 | D:6      | Reached skill level 8 in Conjurations
  7013 | D:6      | Reached skill level 9 in Conjurations
  7079 | D:6      | Identified the +5 chain mail "Teeracs" {Dex+4}
  7231 | D:6      | Reached XP level 9. HP: 45/45 MP: 19/23
  7296 | D:6      | Found a stormy altar of Qazlal.
  7659 | D:7      | Noticed Dowan
  7663 | D:7      | Noticed Duvessa
  7665 | D:7      | Killed Dowan
  7676 | D:7      | Killed Duvessa
  7959 | D:7      | Noticed Harold
  7982 | D:7      | Killed Harold
  7983 | D:7      | Reached skill level 10 in Conjurations
  8366 | D:7      | Found a glowing golden altar of the Shining One.
  9285 | D:7      | Noticed a cyclops
  9369 | D:8      | Noticed Maurice
  9374 | D:8      | Killed Maurice
  9652 | D:8      | Reached skill level 11 in Conjurations
  9687 | D:8      | Reached XP level 10. HP: 50/50 MP: 20/25
 10327 | D:8      | Reached skill level 10 in Spellcasting
 11127 | D:8      | Found a sacrificial altar of Ru.
 11202 | D:9      | Found a staircase to the Lair.
 11777 | D:9      | Found an iron altar of Okawaru.
 11805 | D:9      | Noticed a red ugly thing
 11825 | D:9      | Killed a red ugly thing
 11826 | D:9      | Reached skill level 12 in Conjurations
 12228 | D:9      | Found Poqiuz's Book Shoppe.
 12916 | D:7      | Killed a cyclops
 13141 | D:4      | Bought a scroll of holy word for 75 gold pieces
 13141 | D:4      | Bought a potion of curing for 30 gold pieces
 13180 | D:4      | Bought 3 scrolls of identify for 66 gold pieces
 13180 | D:4      | Bought a scroll of summoning for 104 gold pieces
 13191 | D:4      | Bought a scroll of identify for 24 gold pieces
 13191 | D:4      | Bought a scroll of identify for 24 gold pieces
 13292 | Lair:1   | Entered Level 1 of the Lair of Beasts
 13292 | Lair:1   | Noticed a black mamba
 13298 | D:9      | Killed a black mamba
 13514 | D:10     | Entered Level 10 of the Dungeon
 13666 | D:10     | Found a sparkling altar of Nemelex Xobeh.
 13706 | D:10     | Noticed Psyche
 13708 | D:10     | Killed Psyche
 13709 | D:10     | Reached XP level 11. HP: 54/54 MP: 17/28
 13907 | D:10     | Found a hide-covered altar of Uskayaw.
 13929 | D:10     | Found a radiant altar of Vehumet.
 13933 | D:10     | Reached skill level 10 in Fire Magic
 14146 | D:10     | Became a worshipper of Vehumet
 14273 | D:9      | Reached skill level 13 in Conjurations
 14759 | Lair:1   | Noticed a seven-headed hydra
 14775 | Lair:1   | Killed a seven-headed hydra
 15322 | Lair:1   | Learned a level 3 spell: Gell's Gravitas
 15429 | Lair:2   | Reached * piety under Vehumet
 15429 | Lair:2   | Offered knowledge of Shock by Vehumet.
 15732 | Lair:2   | Reached skill level 14 in Conjurations
 16334 | Lair:2   | Noticed an eight-headed hydra
 16339 | Lair:2   | Killed an eight-headed hydra
 16695 | Lair:2   | Noticed an eight-headed hydra
 16708 | Lair:2   | Killed an eight-headed hydra
 16709 | Lair:2   | Reached XP level 12. HP: 59/59 MP: 19/30
 16859 | Lair:2   | Offered knowledge of Searing Ray by Vehumet.
 16861 | Lair:2   | Reached ** piety under Vehumet
 16956 | Lair:2   | Learned a level 2 spell: Searing Ray
 17161 | Lair:2   | Found a hole to the Spider Nest.
 17666 | Lair:3   | Reached skill level 15 in Conjurations
 18017 | Lair:3   | Noticed a six-headed hydra
 18032 | Lair:3   | Killed a six-headed hydra
 18059 | Lair:3   | Reached skill level 5 in Dodging
 18345 | Lair:3   | Noticed Nergalle
 18570 | Lair:3   | Killed Nergalle
 18966 | Lair:4   | Noticed Snorg
 18970 | Lair:4   | Killed Snorg
 19054 | Lair:4   | Noticed a four-headed hydra
 19057 | Lair:4   | Killed a four-headed hydra
 19151 | Lair:4   | Noticed a death yak
 19152 | Lair:4   | Noticed a death yak
 19152 | Lair:4   | Noticed a death yak
 19153 | Lair:4   | Killed a death yak
 19191 | Lair:4   | Noticed a death yak
 19194 | Lair:3   | Slain by a death yak

Illustrated notes

Levels and vault maps discovered:
D:1:      dpeg_arrival_connections, layout_rooms
D:2:      layout_basic
D:3:      cheibrodos_greedy_goblins, layout_basic,
          hangedman_abyss_or_decor_lesser_grid
D:4:      layout_loops_corners, minitemple, minmay_temple_entry_mist,
          serial_shops, shop, shop, nicolae_shop_waterfront, shop,
          nicolae_ossuary_entry_plus, gammafunk_ghost_smash
D:5:      layout_gridville, lemuel_doored_altar, serial_shops, shop,
          minmay_misc_feat_roman, kennysheep_generic_room_9
D:6:      layout_layer_cave, nicolae_qazlal_style_of_elements,
          minmay_manual_mares, uniq_maggie
D:7:      minmay_inner_zag, layout_loops_ring, nicolae_overflow_crystal_walls,
          uniq_duvessa, uniq_harold
D:8:      layout_rooms, lemuel_coloured_pillars_altar,
          hangedman_decor_slide_cut, nicolae_benzene_ring,
          kennysheep_generic_room_3, uniq_maurice
D:9:      layout_stronghold, lemuel_crystal_altar, lair_entry_dummy,
          serial_shops, kennysheep_little_box
D:10:     layout_roguey, overflow_temple_1_default, lemuel_round_altar,
          nicolae_uskayaw_dance_hall, david_orc_5, minivault_16, uniq_psyche,
          uniq_joseph
Temple:   minmay_temple_curvy_loop
Lair:1:   layout_gridlike, chequers_serial_rivers_small_3
Lair:2:   layout_cave_pods, nicolae_spider_entry_tight_spaces, serial_rivers,
          chequers_serial_rivers_micro_d, chequers_serial_rivers_small_a,
          chequers_serial_rivers_micro_c, chequers_serial_rivers_large_a,
          chequers_serial_rivers_micro_d, chequers_serial_rivers_micro_d,
          roderic_carrion_pond
Lair:3:   layout_regular_city, grunt_forest_small_clearings,
          chequers_serial_rivers_room_a, uniq_nergalle
Lair:4:   layout_loops_ring, minmay_shoals_entry_lonely_mermaid,
          nicolae_lair_grove_arrangements, infiniplex_staircase_pool_2,
          uniq_snorg

Skill      XL: |  1  2  3  4  5  6  7  8  9 10 11 12 |
---------------+-------------------------------------+-----
Conjurations   | 2 3 4 5 7 9 11 12 14 15 | 15.0
Dodging        | 3 9 |  9.1
Fire Magic     | 4 5 6 7 8 9 11 12 | 12.1
Spellcasting   | 4 5 6 8 9 11 12 13 | 13.8
Stealth        | |  2.4

Action                   |  1- 3 |  4- 6 |  7- 9 | 10-12 || total
-------------------------+-------+-------+-------+-------++-------
Melee: Staff             |       |       |       |     3 ||     3
 Cast: Foxfire           |    65 |   136 |   199 |   132 ||   532
       Fireball          |       |       |    12 |   122 ||   134
       Slow              |       |       |     3 |       ||     3
       Conjure Flame     |       |       |     2 |     8 ||    10
       Searing Ray       |       |       |       |     2 ||     2
Evoke: Wand              |       |       |     1 |     6 ||     7
  Use: Scroll            |       |     9 |     5 |    10 ||    24
Armor: Robe              |     1 |    13 |    22 |    19 ||    55
Dodge: Dodged            |     6 |    19 |    30 |    34 ||    89
Block: Other             |       |     7 |    19 |    19 ||    45
       Reflection        |       |       |     3 |     4 ||     7

Table legend: (Time is in decaauts)
 A = Elapsed time spent in this place.
 B = Non-inter-level travel time spent in this place.
 C = Inter-level travel time spent in this place.
 D = Time resting spent in this place.
 E = Time spent auto-exploring this place.
 F = Levels seen in this place.
 G = Mean time per level.
                   A        B        C        D        E       F      G
               +--------+--------+--------+--------+--------+-----+--------+
         Total |  19237 |  18159 |   1078 |   6561 |   7677 |  16 | 1202.3 |
       Dungeon |  13849 |  12968 |    881 |   4714 |   5291 |  10 | 1384.9 |
        Temple |    228 |    205 |     23 |      0 |    204 |   1 |  228.0 |
          Lair |   4720 |   4547 |    173 |   1662 |   2142 |   4 | 1180.0 |
       Ossuary |    437 |    437 |      0 |    185 |     40 |   1 |  437.0 |
               +--------+--------+--------+--------+--------+-----+--------+

Top non-repeatable levels by time:
  Lair:2: 2267 daAuts
     D:7: 2217 daAuts
     D:9: 2095 daAuts
     D:6: 1510 daAuts
     D:3: 1390 daAuts
     D:8: 1375 daAuts
     D:4: 1315 daAuts
  Lair:3: 1303 daAuts
     D:5: 1281 daAuts
     D:2: 1137 daAuts
  Lair:1: 918 daAuts
     D:1: 770 daAuts
    D:10: 755 daAuts
 Ossuary: 437 daAuts
  Lair:4: 231 daAuts
